 Dungeon Crawl Stone Soup version 0.30-a0-1053-gbd8d5ba0ad (webtiles) character file.

Game seed: 3670286427877047414

859 GigaChad the Chopper (level 8, 0/62 HPs)
             Began as a Formicid Fighter on Apr 11, 2023.
             Was an Initiate of Gozag.
             Slain by a water moccasin (4 damage)
             ... on level 5 of the Dungeon on Apr 12, 2023.
             The game lasted 00:09:22 (5182 turns).

GigaChad the Chopper (Formicid Fighter)             Turns: 5182, Time: 00:09:22

Health: 0/62       AC: 11    Str: 23    XL:     8   Next: 22%
Magic:  8/8        EV: 10    Int:  8    God:    Gozag
Gold:   554        SH:  6    Dex: 13    Spells: 7/7 levels left

rFire   . . .      SeeInvis +    o - +0 battleaxe
rCold   . . .      Faith    .    c - +1 buckler
rNeg    . . .      Spirit   .    b - +0 scale mail
rPois   .          Reflect  .    (helmet unavailable)
rElec   .          Rampage  .    (no cloak)
rCorr   .                        (no gloves)
Will    .....                    (no boots) Stlth
                                 (no amulet)
HPRegen 0.30/turn                p - +4 ring of protection
MPRegen 0.11/turn                (no ring)

@: no status effects
A: permanent stasis, dig shafts and tunnels, antennae 3, four strong arms
a: Dig, Shaft Self, Renounce Religion, Potion Petition, Call Merchant, Bribe
Branch


You were on level 5 of the Dungeon.
You worshipped Gozag.
Gozag was pleased with you.
You visited 1 branch of the dungeon, and saw 6 of its levels.

You collected 642 gold pieces.
You spent 30 gold pieces at shops.
You paid 58 gold pieces to Gozag.

Inventory:

Hand Weapons
 a - a +1 war axe
 o - a +0 battleaxe (weapon)
Missiles
 h - a throwing net
Armour
 b - a +0 scale mail (worn)
 c - a +1 buckler (worn)
Jewellery
 m - a ring of positive energy
 p - a +4 ring of protection (left hand)
 t - a ring of fire
 u - a ring of protection from cold
 v - a ring of wizardry
Scrolls
 f - a scroll of fog
 j - 5 scrolls of teleportation
 l - a scroll of noise
 q - a scroll of fear
 r - a scroll of identify
Potions
 d - a potion of might
 e - 3 potions of heal wounds
 g - a potion of lignification
 i - 2 potions of attraction
 k - 2 potions of ambrosia
 n - 2 potions of curing
 s - a potion of brilliance {unknown}


   Skills:
 + Level 5.2 Fighting
 + Level 6.2 Axes
 + Level 5.1 Armour
 + Level 1.6 Dodging
 + Level 1.0 Stealth
 + Level 5.5 Shields


You had 7 spell levels left.
You didn't know any spells.
Your spell library contained the following spells:

 Spells                   Type           Power      Damage    Failure   Level
 Arcjolt                  Conj/Air       0%         1d10      100%        5
 Maxwell's Capacitive Co  Air            0%         ∞         100%        8
 Vhi's Electric Charge    Tloc/Air       Unusable   N/A       N/A         3

Dungeon Overview and Level Annotations

Branches:
Dungeon (6/15)
 Temple: D:4-7

Altars:
Dithmenos
Gozag
Makhleb
Nemelex Xobeh
Sif Muna

Shops:
D:1 =([:=   D:3 *


Innate Abilities, Weirdness & Mutations

You cannot be hasted, slowed, berserked, paralysed or teleported.
You can dig through walls and to a lower floor.
You have a pair of large antennae on your head. (SInv)
Your four strong arms can wield two-handed weapons with a shield.


Message History

The water moccasin is severely wounded.
* * * LOW HITPOINT WARNING * * *
You feel very sick. The water moccasin bites you.
* * * LOW HITPOINT WARNING * * *
You are lethally poisoned!
The water moccasin poisons you! The water moccasin closely misses you.
You feel better. You block the water moccasin's attack.
The water moccasin closely misses you.
You closely miss the water moccasin.
The water moccasin is severely wounded.
The water moccasin closely misses you.
You hit the water moccasin.
The water moccasin is almost dead.
The water moccasin bites you but does no damage.
The water moccasin bites you!
* * * LOW HITPOINT WARNING * * *
You barely miss the water moccasin.
The water moccasin is almost dead.
You block the water moccasin's attack. The water moccasin barely misses you.
You hit the water moccasin.
The water moccasin is almost dead.
You block the water moccasin's attack.
The water moccasin bites you but does no damage.
You closely miss the water moccasin.
The water moccasin is almost dead.
The water moccasin bites you!
* * * LOW HITPOINT WARNING * * *
The water moccasin barely misses you.
You closely miss the water moccasin.
The water moccasin is almost dead.
The water moccasin barely misses you. You block the water moccasin's attack.
You closely miss the water moccasin.
The water moccasin is almost dead.
The water moccasin barely misses you. x2
You miss the water moccasin.
The water moccasin is almost dead.
The water moccasin bites you.
You die...
Your body crumbles into a pile of gold.

### #.# #.# ### #.# #.#
#.# #.# ##$###############
##.### #>@..............##
#....# #$S###.............
#....# #..# #.#.#######...
#....# #..# #.......# ###.
#....# #..###.......# #.
#....###....#<......#####.
##........................
#.#####.####.#.#########.
#........# #.#.#...#####'


You could see a water moccasin.

Vanquished Creatures
  A black bear (D:5)
  A sky beast (D:5)
  3 scorpions
  A howler monkey (D:4)
  A hound (D:5)
  2 orc priests
  A gnoll bouda (D:5)
  An iguana (D:4)
  2 orc wizards
  8 adders
  7 gnolls (D:5)
  A white imp (D:3)
  An ufetubus (D:4)
  A worm (D:2)
  A dart slug (D:2)
  14 orcs
  9 ball pythons
  4 bats
  9 endoplasms
  4 giant cockroaches
  7 goblins
  8 hobgoblins
  4 jackals
  5 quokkas
  4 frilled lizards
  3 kobolds
  6 rats
109 creatures vanquished.

Vanquished Creatures (others)
  A dart slug (D:4)
1 creature vanquished.

Grand Total: 110 creatures vanquished

Notes
Turn   | Place    | Note
-------+----------+-------------------------------------------
     0 | D:1      | GigaChad the Formicid Fighter began the quest for the Orb.
     0 | D:1      | Reached XP level 1. HP: 18/18 MP: 1/1
    53 | D:1      | Reached XP level 2. HP: 24/24 MP: 2/2
   158 | D:1      | Found Nenaong's Book Emporium.
   390 | D:1      | Found Qicvuire's Jewellery Shoppe.
   515 | D:1      | Found Conida's Weapon Boutique.
   572 | D:1      | Found Fupuergh's Armour Shoppe.
   722 | D:1      | Reached XP level 3. HP: 30/30 MP: 3/3
   750 | D:1      | Found Soraet's Jewellery Boutique.
  1326 | D:2      | Reached XP level 4. HP: 37/37 MP: 4/4
  1718 | D:3      | Found Safforupo's General Store.
  1723 | D:3      | Reached skill level 3 in Axes
  1748 | D:3      | Bought a potion of curing for 30 gold pieces
  1840 | D:3      | Found an opulent altar of Gozag.
  1840 | D:3      | Found a sparkling altar of Nemelex Xobeh.
  1852 | D:3      | Became a worshipper of Gozag Ym Sagoz the Greedy
  1917 | D:3      | Noticed a scorpion
  1926 | D:3      | Killed a scorpion
  1927 | D:3      | Reached XP level 5. HP: 42/42 MP: 5/5
  2614 | D:4      | Reached XP level 6. HP: 47/48 MP: 6/6
  2785 | D:4      | Reached skill level 4 in Axes
  2785 | D:4      | Reached skill level 1 in Dodging
  2823 | D:4      | Reached skill level 5 in Shields
  2901 | D:4      | Found a shadowy altar of Dithmenos.
  2956 | D:4      | Found a burning altar of Makhleb.
  3585 | D:5      | Entered Level 5 of the Dungeon
  3618 | D:5      | Noticed a black bear
  3626 | D:5      | Killed a black bear
  3627 | D:5      | Reached skill level 1 in Stealth
  3627 | D:5      | Reached XP level 7. HP: 43/55 MP: 7/7
  3656 | D:5      | Reached skill level 5 in Axes
  4032 | D:5      | Reached skill level 5 in Fighting
  4431 | D:5      | Found a shimmering blue altar of Sif Muna.
  4517 | D:5      | Reached XP level 8. HP: 9/62 MP: 8/8
  5163 | D:5      | Reached skill level 6 in Axes
  5168 | D:5      | Reached skill level 5 in Armour
  5179 | D:5      | HP: 3/62 [water moccasin (8)]
  5182 | D:5      | Slain by a water moccasin

Illustrated notes

Levels and vault maps discovered:
D:1:      roderic_dead_forest, layout_basic, serial_shops, nicolae_diamond_shop,
          nicolae_shop_crystal, nicolae_shop_advertising_works
          [nicolae_subvault_shop_adworks], shop, shop,
          minmay_misc_feat_diagonals
D:2:      layout_loops_ring
D:3:      layout_loops_ring, grunt_temple_overflow_opulence, serial_shops, shop
D:4:      layout_cave_pods, mainiacjoe_overflow_catch_the_wave,
          lemuel_flame_loot_1
D:5:      layout_basic, nicolae_sif_muna_condensation, minivault_26
D:6:      layout_rooms, minmay_temple_entry_offerings, minmay_holes,
          kennysheep_generic_room_12, uniq_prince_ribbit1,
          uniq_crazy_yiuf_cottage

Skill      XL: |  1  2  3  4  5  6  7  8 |
---------------+-------------------------+-----
Axes           | 3 4 5 6 |  6.2
Fighting       | 4 5 |  5.2
Armour         | 4 5 |  5.1
Dodging        | 1 |  1.6
Shields        | 5 |  5.5
Stealth        | 1 |  1.0

Action                     |  1- 3 |  4- 6 |  7- 9 || total
---------------------------+-------+-------+-------++-------
  Melee: War axe           |    91 |   148 |    25 ||   264
         Battleaxe         |       |       |    67 ||    67
    Use: Scroll            |     6 |     6 |     1 ||    13
         Potion            |       |       |     1 ||     1
 Armour: Scale mail        |    39 |    65 |    62 ||   166
  Dodge: Dodged            |    46 |    81 |    68 ||   195
  Block: Buckler           |    23 |    53 |    42 ||   118

Table legend: (Time is in decaauts)
 A = Elapsed time spent in this place.
 B = Non-inter-level travel time spent in this place.
 C = Inter-level travel time spent in this place.
 D = Time resting spent in this place.
 E = Time spent auto-exploring this place.
 F = Levels seen in this place.
 G = Mean time per level.
                   A        B        C        D        E       F      G
               +--------+--------+--------+--------+--------+-----+--------+
         Total |   5306 |   5187 |    119 |    883 |   3130 |   6 |  884.3 |
       Dungeon |   5306 |   5187 |    119 |    883 |   3130 |   6 |  884.3 |
               +--------+--------+--------+--------+--------+-----+--------+

Top non-repeatable levels by time:
     D:5: 1624 daAuts
     D:4: 1012 daAuts
     D:3: 913 daAuts
     D:2: 893 daAuts
     D:1: 851 daAuts
     D:6: 10 daAuts
